AoeStats
← Paštika

Northern Isles

510550651Analyzed
1v1 RM · 2d ago on Oct 1, 2026· 49m 14s· 2 players
Game mode
Random Map
Map size
Tiny (2 player)
Population
200
Speed
Normal
Resources
Standard
Victory
Conquest
Starting age
Dark Age
Ending age
Imperial Age
RankedLock teamsTeams togetherTeam positionsShared explorationLock speedFull tech treeHidden civsTurbo modeCheats
Victory
Defeat
🇵🇱 Chinese · Poland
678
+14
🇨🇿 Cumans · Czechia
643
-14
Szara
0:36 Loom
13:19 Feudal Age
13:57 Fishing Lines
14:12 Double-Bit Axe
16:09 Town Watch
18:38 Castle Age
17:30 Fletching
19:42 Bow Saw
20:05 Medium Warships
20:51 Stone Mining
26:46 Bodkin Arrow
28:00 Fervor
28:11 Light Cavalry
28:52 Husbandry
29:03 Bloodlines
29:47 Stone Shaft Mining
29:02 Gold Mining
29:25 Gillnets
31:18 Wheelbarrow
36:08 Imperial Age
35:55 Guard Tower
37:57 Murder Holes
40:11 Horse Collar
41:50 Conscription
42:11 Heavy Plow
43:48 Gold Shaft Mining
43:56 Hand Cart
44:13 Ballistics
44:04 Masonry
44:43 Town Patrol
46:09 Heavy Warships
47:05 Two-Man Saw
46:41 Squires
46:44 Bracer
46:45 Padded Archer Armor
Paštika
0:58 Loom
11:55 Feudal Age
13:08 Town Watch
13:55 Double-Bit Axe
16:50 Horse Collar
20:31 Forging
21:26 Wheelbarrow
21:16 Fletching
28:02 Castle Age
29:25 Castle Age
27:02 Man-at-Arms
28:41 Fishing Lines
29:46 Long Swordsman
30:41 Scale Barding Armor
35:04 Heavy Plow
36:04 Bloodlines
38:42 Hand Cart
45:38 Imperial Age
44:02 Gillnets
45:19 Town Patrol
45:41 Medium Warships
45:40 Murder Holes
45:59 Clinker Construction
46:23 Fervor
46:49 Parthian Tactics
47:32 Bow Saw
47:58 Cavalier
Connection lost

Rejoining the realm…

Still unreachable

The connection could not be restored.

Session expired

The server has moved on; the page needs a fresh start.